 Dungeon Crawl Stone Soup version 0.30.0 (webtiles) character file.

Game seed: 10055721665709005699

12151 meatpath the Fighter (level 11, -3/107 HPs)
             Began as a Minotaur Berserker on May 7, 2023.
             Was a High Priest of Trog.
             Killed by divine providence
             ... invoked by a meliai
              (13 damage)
             ... while paralysed by a meliai
             ... on level 11 of the Dungeon.
             The game lasted 00:18:45 (11064 turns).

meatpath the Fighter (Minotaur Berserker)          Turns: 11064, Time: 00:18:45

Health: -3/107     AC: 19    Str: 29    XL:     11   Next: 58%
Magic:  0/10       EV:  2    Int:  6    God:    Trog [*****.]
Gold:   769        SH:  0    Dex: 11    Spells: 10/10 levels left

rFire   . . .        H - +6 broad axe (drain)
rCold   . . .        (no shield)
rNeg    . . .        F - +0 plate armour
rPois   .            (helmet restricted)
rElec   .            g - +0 cloak
rCorr   .            (no gloves)
SInv    .            K - +0 pair of boots
Will    .....        y - amulet of guardian spirit Stlth
                     n - +6 ring of strength
HPRegen 0.37/turn    (no ring)
MPRegen 0.12/turn

%: guardian spirit
@: paralysed, on berserk cooldown, slowed
A: horns 2, retaliatory headbutt
a: Renounce Religion, Berserk, Trog's Hand, Brothers in Arms


You were on level 11 of the Dungeon.
You worshipped Trog.
Trog was extremely pleased with you.
You visited 2 branches of the dungeon, and saw 12 of its levels.

You collected 769 gold pieces.

Inventory:

Hand Weapons
 a - a +1 broad axe of draining
 s - a +1 hand axe of flaming
 H - a +6 broad axe of draining (weapon)
Armour
 g - a +0 cloak (worn)
 D - +0 swamp dragon scales
 F - a +0 plate armour (worn)
 K - a +0 pair of boots (worn)
Jewellery
 n - a +6 ring of strength (left hand)
 y - an amulet of guardian spirit (around neck)
Wands
 r - a wand of mindburst (12)
 v - a wand of paralysis (12)
 w - a wand of flame (9)
 z - a wand of polymorph (4)
 J - a wand of acid (11)
Scrolls
 c - 3 scrolls of teleportation
 k - a scroll of magic mapping
 l - 4 scrolls of fog
 o - 2 scrolls of poison
 p - a scroll of blinking
 u - 2 scrolls of enchant weapon {unknown}
 B - a scroll of enchant armour {unknown}
Potions
 b - 3 potions of resistance {unknown}
 d - 2 potions of haste
 e - 2 potions of brilliance {unknown}
 f - 2 potions of magic {unknown}
 h - 5 potions of heal wounds {unknown}
 i - 7 potions of degeneration {unknown}
 j - 7 potions of curing {unknown}
 m - 3 potions of might {unknown}
 q - a potion of attraction {unknown}
 x - 5 potions of mutation {unknown}
 A - 2 potions of cancellation {unknown}
 C - 2 potions of flight {unknown}
 E - a potion of lignification {unknown}
 G - a potion of berserk rage {unknown}
 I - a potion of invisibility {unknown}


   Skills:
 + Level 13.3 Fighting
 + Level 13.3 Axes
 + Level 12.9 Armour
 - Level 2.1 Dodging


You had 10 spell levels left.
You didn't know any spells.
Your spell library was empty.

Dungeon Overview and Level Annotations

Branches:
Dungeon (11/15)            Temple (0/1) D:4            Lair (0/5) D:9
    Orc (1/2) D:9

Altars:
Dithmenos
Fedhas
Nemelex Xobeh
Sif Muna
The Shining One


Innate Abilities, Weirdness & Mutations

You have a pair of horns on your head.
You reflexively headbutt those who attack you in melee.


Message History

The centaur warrior barely misses you.
You slash the centaur warrior!
The centaur warrior is heavily wounded.
The centaur warrior hits you but does no damage.
The centaur warrior kicks you but does no damage.
A meliai comes into view.
It is wielding a +0 scimitar and carrying a wand of paralysis (5).
The meliai buzzes angrily.
You chop the centaur warrior into pieces!!!
You kill the centaur warrior!
Trog accepts your kill.
The meliai invokes the aid of its god against you.
Something smites you!
Items here: ! $ ( )) †.
You feel a strong urge to attack something.
The meliai invokes the aid of its god against you.
Something smites you!
Really walk into that dispersal trap?
Okay, then.
The meliai mumbles some strange prayers to its god against you.
Something smites you!
* * * LOW HITPOINT WARNING * * *
You feel your anger nearly subside.
You are no longer berserk.
You are exhausted.
You feel yourself slow down.
You slice the meliai!!
The meliai is almost dead.
The meliai hits you but does no damage.
The meliai stings you but does no damage.
The meliai mumbles some strange prayers to its god against you.
Something smites you!
* * * LOW HITPOINT WARNING * * *
The meliai hits you with a +0 scimitar!
* * * LOW HITPOINT WARNING * * *
The meliai stings you but does no damage.
You closely miss the meliai.
The meliai is almost dead.
The meliai zaps a wand.
You suddenly lose the ability to move!
The meliai calls down the wrath of its god upon you.
Something smites you!
You die...

...#. ...'
##########...#
#............#
#............##
#............)##
#........y.....#
#........@(#
#.........^####.#.
#...............'.
#....<..<.).###.#.
#.....(.........#
###...##..).....##
#.....##.......##
#.#.........[.##
...............#


You could see a meliai.

Vanquished Creatures
  A centaur warrior (D:11)
  A two-headed ogre (D:10)
  Urug (D:11)
  2 cyclopes (D:11)
  A manticore (D:11)
  Maurice (D:9)
  An unseen horror (D:11)
  Maggie (D:6)
  Psyche (D:10)
  A komodo dragon (D:11)
  5 trolls
  Sigmund (D:6)
  A wyvern (D:9)
  A shadow (D:10)
  4 yaks (D:9)
  A wraith (D:11)
  A human (D:9)
  3 hogs (D:9)
  An acid dragon (D:11)
  Edmund (D:5)
  Menkaure (D:7)
  A water moccasin (D:9)
  3 sky beasts
  5 orc warriors
  A hornet zombie (D:8)
  3 ice beasts
  3 centaurs
  A black bear (D:9)
  3 ogres
  3 phantoms (D:9)
  2 kobold brigands
  A gnoll sergeant (D:10)
  3 bullfrogs
  5 scorpions
  A wyvern zombie (D:8)
  15 wights
  3 troll zombies (D:9)
  A howler monkey (D:10)
  3 centaur zombies (D:8)
  A jelly (D:7)
  3 hounds
  3 orc priests
  A gnoll bouda (D:7)
  An iguana (D:7)
  13 orc wizards
  4 killer bee zombies (D:8)
  3 ogre zombies (D:9)
  9 gnolls
  9 adders
  A white imp (D:7)
  An ufetubus (D:5)
  6 worms
  2 dart slugs
  31 orcs
  9 endoplasms
  3 giant cockroaches (D:1)
  4 goblins
  4 hobgoblins (D:1)
  5 jackals
  15 kobolds
  7 quokkas
  9 ball pythons
  5 bats
  2 frilled lizards
  4 goblin zombies (D:9)
  3 hobgoblin skeletons (D:9)
  A hobgoblin zombie (D:9)
  11 orc zombies (D:9)
  9 rats
267 creatures vanquished.

Vanquished Creatures (others)
  5 fungi (D:9)
  27 plants
32 creatures vanquished.

Grand Total: 299 creatures vanquished

Notes
Turn   | Place    | Note
-------+----------+-------------------------------------------
     0 | D:1      | meatpath the Minotaur Berserker began the quest for the
                  | Orb.
     0 | D:1      | Reached XP level 1. HP: 19/19 MP: 0/0
   116 | D:1      | Reached XP level 2. HP: 25/27 MP: 1/1
   170 | D:1      | Found a faded altar of an unknown god.
   308 | D:1      | Reached ** piety under Trog
   367 | D:1      | Reached XP level 3. HP: 29/33 MP: 2/2
  1082 | D:2      | Reached XP level 4. HP: 27/41 MP: 3/3
  1973 | D:3      | Reached *** piety under Trog
  2352 | D:3      | Found a shimmering blue altar of Sif Muna.
  2395 | D:3      | You fall into a shaft and drop 1 floor!
  2688 | D:4      | Found a glowing golden altar of the Shining One.
  2693 | D:4      | Reached skill level 5 in Fighting
  2693 | D:4      | Reached skill level 5 in Axes
  2693 | D:4      | Reached XP level 5. HP: 45/48 MP: 4/4
  3456 | D:4      | Found a staircase to the Ecumenical Temple.
  3593 | D:4      | Reached XP level 6. HP: 26/56 MP: 5/5
  4101 | D:5      | Entered Level 5 of the Dungeon
  4175 | D:5      | Identified the ring of Zin's Supremacy {rPois rN+ Str-2
                  | Int+2}
  4402 | D:5      | Found a sparkling altar of Nemelex Xobeh.
  4470 | D:5      | Reached skill level 5 in Armour
  4783 | D:6      | Reached XP level 7. HP: 63/63 MP: 6/6
  5162 | D:6      | Noticed Sigmund
  5163 | D:6      | Noticed Maggie
  5164 | D:6      | Noticed Edmund
  5385 | D:5      | Killed Edmund
  5385 | D:5      | Reached **** piety under Trog
  5444 | D:5      | Reached XP level 8. HP: 24/73 MP: 3/7
  5612 | D:6      | Killed Maggie
  5619 | D:6      | Killed Sigmund
  5989 | D:7      | Noticed Menkaure
  5992 | D:7      | Killed Menkaure
  6183 | D:7      | Reached XP level 9. HP: 7/83 MP: 0/8
  7406 | D:7      | Found a blossoming altar of Fedhas.
  7610 | D:8      | Reached skill level 10 in Axes
  7625 | D:8      | Reached skill level 10 in Fighting
  7828 | D:8      | Reached skill level 10 in Armour
  8017 | D:8      | Reached XP level 10. HP: 78/93 MP: 9/9
  8524 | D:9      | Found a staircase to the Orcish Mines.
  8529 | D:9      | Reached ***** piety under Trog
  8585 | D:9      | Received a gift from Trog
  8777 | D:9      | Found a staircase to the Lair.
  9241 | D:9      | Noticed Maurice
  9252 | D:9      | Killed Maurice
  9457 | D:10     | Entered Level 10 of the Dungeon
  9617 | D:10     | Noticed a two-headed ogre
  9628 | D:10     | Killed a two-headed ogre
  9686 | D:10     | Reached XP level 11. HP: 97/104 MP: 8/10
 10051 | D:10     | Found a shadowy altar of Dithmenos.
 10149 | D:11     | Noticed Psyche
 10155 | D:11     | Noticed Urug
 10170 | D:10     | Killed Psyche
 10396 | D:11     | Killed Urug
 10759 | D:11     | Noticed a six-headed hydra
 10759 | D:11     | Noticed a boulder beetle
 10958 | Orc:1    | Entered Level 1 of the Orcish Mines
 11050 | D:11     | Noticed a centaur warrior
 11058 | D:11     | Killed a centaur warrior
 11064 | D:11     | Paralysed by a meliai for 4 turns
 11064 | D:11     | Killed from afar by a meliai

Illustrated notes

Levels and vault maps discovered:
D:1:      roderic_crop_circles_arrival_small, layout_rooms,
          shapermc_ecumenical_altar_flowoftime, chequers_serial_rivers_small_b,
          nicolae_concentric_dashed_squares_mild, minmay_octomino_j4
D:2:      layout_basic, grunt_decor_fettered, chequers_jeans
D:3:      layout_loops_corners, mainiacjoe_overflow_tiny_flanked,
          kennysheep_generic_room_13
D:4:      mumra_celtic_spiral_tile, layout_loops_corners,
          mainiacjoe_overflow_catwalk, minmay_temple_entry_fiery
D:5:      layout_rooms, nicolae_overflow_crystal_walls
D:6:      layout_rooms, uniq_maggie, uniq_edmund, uniq_sigmund
D:7:      layout_loops_ring, fedhas_altar_4, uniq_menkaure
D:8:      layout_basic, serial_undead, serial_undead_a, serial_undead_d,
          serial_undead_e, serial_undead_a, serial_undead_e, serial_undead_a
D:9:      layout_roguey, grunt_lair_entry_orc_guard_hut, zombieorc1_lemuel,
          grunt_livestock, uniq_maurice
D:10:     layout_roguey, grunt_dithmenos_shadows, dk_noncrumbling_4
D:11:     minmay_the_grid_octo_tiled_octocenter_mashed
          [minmay_the_grid_octo_pinwheel, minmay_the_grid_octo_vomiting_pacman,
          minmay_the_grid_octo_toaster, minmay_the_grid_octo_checkerflower,
          minmay_the_grid_octo_prize_big_c,
          minmay_the_grid_square_5x5_three_walls,
          minmay_the_grid_square_5x5_three_small,
          minmay_the_grid_square_5x5_checkered_sparse,
          minmay_the_grid_square_5x5_three], layout_rooms, serial_shops,
          nicolae_shop_tiny_glass, uniq_urug, uniq_psyche
Orc:1:    layout_diamond_mine

Skill      XL: |  1  2  3  4  5  6  7  8  9 10 11 |
---------------+----------------------------------+-----
Fighting       | 4 5 6 7 9 10 12 13 | 13.3
Axes           | 4 5 6 7 9 10 12 13 | 13.3
Armour         | 3 4 5 6 8 10 11 12 | 12.9
Dodging        | |  2.1

Action                     |  1- 3 |  4- 6 |  7- 9 | 10-12 || total
---------------------------+-------+-------+-------+-------++-------
  Melee: Hand axe          |   123 |   125 |     5 |       ||   253
         Headbutt          |    18 |    14 |    40 |    46 ||   118
         War axe           |       |       |    49 |       ||    49
         Broad axe         |       |       |   156 |   220 ||   376
         Punch             |       |       |     3 |     5 ||     8
 Invoke: Berserk           |     1 |     2 |     5 |     1 ||     9
    Use: Scroll            |     3 |     2 |       |     6 ||    11
   Stab: Sleeping          |     1 |       |       |       ||     1
         Distracted        |     1 |       |       |       ||     1
 Armour: Animal skin       |    18 |       |       |       ||    18
         Leather armour    |     7 |    27 |       |       ||    34
         Plate armour      |       |       |   135 |   153 ||   288
  Dodge: Dodged            |    89 |    84 |    87 |    86 ||   346
